AoeStats
← Strive4Richs601

Fortress

509801327Analyzed
3v3 RM · 4d ago on Sep 28, 2026· 69m 45s· 6 players
Game mode
Random Map
Map size
Large (8 player)
Population
200
Speed
Normal
Resources
Standard
Victory
Conquest
Starting age
Dark Age
Ending age
Imperial Age
RankedLock teamsTeams togetherTeam positionsShared explorationLock speedFull tech treeHidden civsTurbo modeCheats
Victory
Defeat
🇺🇸 Romans · United States
881
+14
🇺🇸 Persians · United States
825
+16
🇺🇸 Byzantines · United States
636
+23
🇦🇷 Celts · Argentina
858
-19
🇭🇺 Dravidians · Hungary
828
-18
🇺🇸 Mongols · United States
780
-16
Strive4Richs601
8:53 Feudal Age
10:58 Double-Bit Axe
10:56 Horse Collar
11:10 Gold Mining
14:20 Castle Age
12:37 Fletching
12:55 Padded Archer Armor
15:22 Forging
15:18 Scale Barding Armor
15:14 Stone Mining
15:17 Arson
18:44 Wheelbarrow
17:54 Town Watch
21:16 Pikeman
23:49 Murder Holes
25:20 Fortified Wall
25:33 Ballistics
26:02 Bodkin Arrow
31:40 Imperial Age
29:17 Caravan
29:36 Leather Archer Armor
30:11 Masonry
30:25 Chain Barding Armor
30:19 Bow Saw
32:15 Iron Casting
32:08 Hand Cart
31:57 Town Patrol
33:42 Chemistry
32:45 Bracer
32:35 Loom
35:13 Blast Furnace
36:30 Elite Mangudai
37:30 Conscription
44:24 Hoardings
43:34 Elite Steppe Lancer
50:10 Husbandry
50:37 Bloodlines
62:42 Light Cavalry
juhamate7
7:32 Feudal Age
11:02 Castle Age
11:55 Horse Collar
12:02 Double-Bit Axe
Brauliomagno
7:44 Feudal Age
8:19 Double-Bit Axe
8:15 Horse Collar
13:16 Castle Age
19:06 Bow Saw
18:53 Gold Mining
19:09 Heavy Plow
19:42 Fletching
31:41 Imperial Age
30:42 Ballistics
32:46 Conscription
35:05 Wheelbarrow
35:01 Elite Woad Raider
35:35 Arson
35:36 Gambesons
36:10 Forging
36:01 Scale Mail Armor
36:30 Hand Cart
37:36 Iron Casting
37:00 Stone Mining
37:49 Heavy Scorpion
Yes_Chef
1:05 Loom
8:33 Feudal Age
10:42 Horse Collar
16:42 Castle Age
15:01 Double-Bit Axe
15:43 Stone Mining
23:19 Scale Barding Armor
23:17 Scale Mail Armor
25:19 Wheelbarrow
24:28 Man-at-Arms
25:29 Long Swordsman
26:10 Squires
27:09 Heavy Plow
31:21 Imperial Age
30:12 Hand Cart
31:26 Gold Mining
31:42 Legionary
33:36 Forging
33:53 Chain Mail Armor
36:25 Iron Casting
42:52 Elite Centurion
43:56 Comitatenses
55:19 Pikeman
62:31 Halberdier
65:08 Coinage
65:09 Caravan
Trollzor9898
1:23 Loom
7:55 Feudal Age
8:36 Double-Bit Axe
8:39 Horse Collar
15:49 Wheelbarrow
15:37 Gold Mining
15:41 Stone Mining
20:29 Castle Age
19:55 Fletching
23:48 Bow Saw
23:07 Pikeman
23:33 Gambesons
28:08 Imperial Age
25:54 Scale Mail Armor
26:27 Fortified Wall
30:00 Two-Man Saw
30:03 Halberdier
30:44 Bodkin Arrow
31:05 Chain Mail Armor
31:08 Murder Holes
32:36 Gold Shaft Mining
32:10 Padded Archer Armor
33:27 Heavy Plow
36:37 Two-Man Saw
36:12 Thumb Ring
35:28 Elite Skirmisher
37:42 Plate Mail Armor
37:24 Forging
40:20 Conscription
43:08 Elite Varangian Guard
46:36 Leather Archer Armor
46:57 Iron Casting
46:23 Bracer
68:47 Ring Archer Armor
RadiatTions
6:24 Feudal Age
8:05 Feudal Age
12:33 Loom
17:16 Castle Age
15:04 Double-Bit Axe
15:58 Stone Mining
22:32 Fletching
25:58 Imperial Age
26:25 Murder Holes
38:22 Wheelbarrow
38:47 Bow Saw
39:59 Town Watch
41:09 Husbandry
41:20 Bloodlines
43:56 Scale Barding Armor
44:26 Hand Cart
45:21 Horse Collar
46:51 Two-Man Saw
46:46 Conscription
46:28 Heavy Plow
46:55 Kamandaran
48:02 Hoardings
47:31 Gold Mining
48:42 Crop Rotation
48:43 Chain Barding Armor
48:39 Forging
49:01 Town Patrol
49:33 Elite War Elephant
50:32 Citadels
49:48 Crossbowman
51:40 Plate Barding Armor
51:01 Bodkin Arrow
51:43 Iron Casting
52:26 Gold Shaft Mining
52:31 Stone Shaft Mining
52:16 Thumb Ring
52:14 Padded Archer Armor
53:02 Ballistics
53:44 Chemistry
53:01 Masonry
52:37 Cavalier
52:49 Elite Skirmisher
55:17 Leather Archer Armor
56:02 Blast Furnace
54:40 Savar
57:13 Ring Archer Armor
59:19 Architecture
Connection lost

Rejoining the realm…

Still unreachable

The connection could not be restored.

Session expired

The server has moved on; the page needs a fresh start.